 Dungeon Crawl Stone Soup version 0.30.1-11-g7821555f0a (webtiles) character file.

Game seed: 711802369281106571

122 awesomegowd the Chopper (level 5, -2/42 HPs)
             Began as a Human Berserker on Jan 11, 2024.
             Was a Believer of Trog.
             Slain by an ogre
             ... wielding a +0 giant club
              (24 damage)
             ... on level 4 of the Dungeon.
             The game lasted 00:17:14 (3253 turns).

awesomegowd the Chopper (Human Berserker)           Turns: 3253, Time: 00:17:15

Health: -2/42      AC:  6    Str: 25    XL:     5   Next: 27%
Magic:  5/5        EV: 10    Int:  7    God:    Trog [**....]
Gold:   153        SH:  6    Dex: 12    Spells: 4/4 levels left

rFire   . . .        p - +9 hand axe "Hydrabane" {flame, Contam rElec Will+ Str+5}
rCold   . . .        y - +0 kite shield
rNeg    . . .        f - +0 ring mail
rPois   .            (no helmet)
rElec   +            (no cloak)
rCorr   .            (no gloves)
SInv    .            x - +0 pair of boots
Will    +....        (no amulet)
Stlth   +            (no ring)
HPRegen 0.27/turn    (no ring)
MPRegen 0.09/turn

%: no passive effects
@: no status effects
A: no striking features
a: Renounce Religion, Berserk, Trog's Hand


You were on level 4 of the Dungeon.
You worshipped Trog.
Trog was pleased with you.
You visited 1 branch of the dungeon, and saw 4 of its levels.

You collected 153 gold pieces.

Inventory:

Hand Weapons
 a - a +0 hand axe
 h - a +0 hand axe
 i - a +0 club
 p - the +9 hand axe "Hydrabane" (weapon) {flame, Contam rElec Will+ Str+5}
   (You found it on level 2 of the Dungeon)

   Str:       It affects your strength (+5).
   rElec:     It insulates you from electricity.
   Contam:    It causes magical contamination when unequipped.
   Will:      It increases your willpower.
Missiles
 g - 6 javelins
 j - 26 stones (quivered)
 k - 11 poisoned darts
 l - 3 boomerangs of dispersal
Armour
 b - a +0 animal skin
 f - a +0 ring mail (worn)
 x - a +0 pair of boots (worn)
 y - a +0 kite shield (worn)
Magical Staves
 e - a staff of death
 u - a staff of death
Wands
 D - a wand of flame (12)
Scrolls
 d - 3 scrolls of teleportation
 m - a scroll of immolation {unknown}
 o - a scroll of poison {unknown}
 r - 2 scrolls of blinking {unknown}
 s - a scroll of vulnerability {unknown}
 t - a scroll of enchant armour {unknown}
 A - a scroll of amnesia {unknown}
 C - a scroll of fear {unknown}
Potions
 c - 4 potions of curing
 n - 2 potions of haste {unknown}
 q - a potion of heal wounds {unknown}
 v - a potion of brilliance
 w - a potion of attraction {unknown}
 z - a potion of might {unknown}
 B - a potion of degeneration {unknown}
 E - a potion of magic {unknown}


   Skills:
 + Level 3.7 Fighting
 + Level 4.2 Axes
 + Level 3.0 Armour
 + Level 2.3 Dodging
 + Level 0.3 Stealth


You had 4 spell levels left.
You didn't know any spells.
Your spell library was empty.

Dungeon Overview and Level Annotations

Branches:
Dungeon (4/15)
 Temple: D:4-7

Altars:


Message History

You start putting on your armour.
You continue putting on your +0 kite shield. x4
You finish putting on your +0 kite shield.
Found a scroll labelled USOBIO KUEXO.
r - 2 scrolls labelled USOBIO KUEXO (gained 1)
A giant cockroach comes into view.
Found a scroll of teleportation.
The giant cockroach closely misses you.
You barely miss the giant cockroach.
The giant cockroach bites you but does no damage. x2
You hit the giant cockroach. You burn the giant cockroach.
The giant cockroach is almost dead.
The giant cockroach bites you but does no damage.
You hit the giant cockroach. You burn the giant cockroach.
You kill the giant cockroach!
Trog accepts your kill.
d - 3 scrolls of teleportation (gained 1)
Found 18 gold pieces.
You now have 137 gold pieces (gained 18).
Found an orange potion.
E - an orange potion
Found 16 gold pieces.
You now have 153 gold pieces (gained 16).
Found a stone staircase leading down.
Found a stone staircase leading down.
Found a robe.
There is a stone staircase leading down here.
You see here a +0 robe.
Found a scroll labelled IDYSTI NUQO.
An ogre comes into view. It is wielding a +0 giant club.
The ogre hits you with a +0 giant club!!
Ouch! That really hurt!
You hit the ogre. You burn the ogre.
The ogre is moderately wounded.
The ogre closely misses you.
You slash the ogre! You burn the ogre.
The ogre is almost dead.
The ogre hits you with a +0 giant club!!
Ouch! That really hurt!
You die...

.##### #.#.####..#
##........... ......
.......##.##
###.....####
....#.............#
#...### #####
..........# #...# #
..........# #...# .
..........#####....#
##
................♣P..
#
................P♣..#
........@O...... ..##
...##.....#..... ...
#######...?. .. .....
..


You could see an ogre.

Vanquished Creatures
  An iguana (D:3)
  2 adders
  2 worms
  2 dart slugs
  2 bats
  5 endoplasms
  5 giant cockroaches
  7 goblins
  11 hobgoblins
  4 kobolds
  4 quokkas
  4 ball pythons
  2 frilled lizards (D:1)
  9 rats
60 creatures vanquished.

Notes
Turn   | Place    | Note
-------+----------+-------------------------------------------
     0 | D:1      | awesomegowd the Human Berserker began the quest for the
                  | Orb.
     0 | D:1      | Reached XP level 1. HP: 18/18 MP: 1/1
   173 | D:1      | Reached XP level 2. HP: 24/24 MP: 2/2
   731 | D:1      | Reached XP level 3. HP: 27/29 MP: 3/3
  1164 | D:2      | Identified the +9 hand axe "Hydrabane" {flame, Contam rElec
                  | Will+ Str+5}
  1237 | D:2      | Reached XP level 4. HP: 35/35 MP: 4/4
  1248 | D:2      | Reached ** piety under Trog
  2101 | D:3      | Reached skill level 4 in Axes
  2101 | D:3      | Reached XP level 5. HP: 8/42 MP: 5/5
  3245 | D:4      | Noticed an ogre
  3253 | D:4      | Slain by an ogre

Illustrated notes

Levels and vault maps discovered:
D:1:      nicolae_arrival_washed_ashore, layout_basic
D:2:      layout_loops_ring, chequers_jeans
D:3:      layout_basic, minivault_23, interstate_on_off,
          small_statue_intersection
D:4:      layout_layer_cave, serial_park_tiny_1

Skill      XL: |  1  2  3  4  5 |
---------------+----------------+-----
Axes           | 4 |  4.2
Armour         | 3 |  3.0
Fighting       | |  3.7
Dodging        | |  2.3
Stealth        | |  0.3

Action                     |  1- 3 |  4- 6 || total
---------------------------+-------+-------++-------
  Melee: Hand axe          |    98 |    38 ||   136
         Punch             |     2 |     1 ||     3
    Use: Scroll            |     2 |     1 ||     3
 Armour: Animal skin       |     3 |       ||     3
         Ring mail         |    22 |    14 ||    36
  Dodge: Dodged            |    53 |    27 ||    80
